 Dungeon Crawl Stone Soup version 0.17.1-1-g73c8601 (webtiles) character file.

104 Diego the Cudgeler (level 4, -4/26 HPs)
             Began as a Gargoyle Gladiator on Apr 10, 2016.
             Killed from afar by Sigmund (5 damage)
             ... with a puff of flame
             ... on level 3 of the Dungeon.
             The game lasted 00:05:27 (2030 turns).

Diego the Cudgeler (Gargoyle Gladiator)             Turns: 2030, Time: 00:05:27

Health: -4/26      AC:  7    Str: 18    XL:     4   Next: 80%
Magic:  4/4        EV: 12    Int:  9    God:
Gold:   125        SH:  0    Dex: 11    Spells: 0 memorised, 3 levels left

rFire  . . .     SeeInvis .     a - +0 flail
rCold  . . .     Clarity  .     b - +0 leather armour
rNeg   + . .     SustAt   .     (no shield)
rPois  ∞         Gourm    .     c - +0 helmet
rElec  +         Spirit   .     (no cloak)
rCorr  .         Warding  .     (no gloves)
rMut   .         Stasis   .     (no boots)
MR     .....                    (no amulet)
Stlth  +.........               (no ring)
                                (no ring)

@: not resistant to hostile enchantments, very unstealthy
A: negative energy resistance 1, electricity resistance, unbreathing,
petrification resistance, rot immunity, AC +3
a: no special abilities


You were on level 3 of the Dungeon.
You were hungry.

You visited 1 branch of the dungeon, and saw 3 of its levels.

You collected 125 gold pieces.

Inventory:

Hand Weapons
 a - a +0 flail (weapon)
Missiles
 d - a throwing net (quivered)
Armour
 b - a +0 leather armour (worn)
 c - a +0 helmet (worn)
 r - a +0 ring mail
Jewellery
 l - an uncursed ring of flight {unknown}
Scrolls
 f - a scroll of enchant armour {unknown}
 g - a scroll of noise {unknown}
 i - a scroll of remove curse {unknown}
 j - a scroll of immolation {unknown}
 m - 2 scrolls of identify {unknown}
 o - a scroll of magic mapping {unknown}
Potions
 h - a potion of cure mutation {unknown}
 n - a potion of heal wounds {unknown}
 p - 2 potions of curing {unknown}
 q - a potion of lignification {unknown}
Comestibles
 e - a bread ration
 k - a slice of pizza


   Skills:
 - Level 2.1 Fighting
 + Level 5.3 Maces & Flails
 - Level 1.7 Throwing
 - Level 2.4 Dodging


You had 3 spell levels left.
You didn't know any spells.

Dungeon Overview and Level Annotations

Branches:
Dungeon (3/15)

Altars:
Trog

Annotations:
D:3 Sigmund


Innate Abilities, Weirdness & Mutations

You are resistant to torment.
Your stone body is resilient (AC +3).
You are immune to poison.
You resist negative energy.
You are resistant to electric shocks.
You can survive without breathing.
You are immune to petrification.
You are immune to rotting.


Message History

* * * LOW HITPOINT WARNING * * *
Sigmund freezes you.
* * * LOW HITPOINT WARNING * * *
You slide downwards.
The hatch slams shut behind you.
Found 8 gold pieces.
A giant newt comes into view.
You feel less confused.
Throwing (i - inventory):
d - 3 throwing nets (quivered)
Press: ? - help, Shift-Dir - straight line, f - Sigmund
Aim: Sigmund, wielding a scythe of freezing and wearing a robe You throw a throwing net.
The throwing net barely misses Sigmund.
Sigmund barely misses you.
Throwing (i - inventory):
d - 2 throwing nets (quivered)
Press: ? - help, Shift-Dir - straight line, f/p - Sigmund
Aim: Sigmund, wielding a scythe of freezing and wearing a robe You throw a throwing net.
The throwing net closely misses Sigmund.
Sigmund points at you and mumbles some strange words.
The puff of flame hits you!
You die...

.# .#
####.##
.(...
..$.
#.. #@#
#.# #@#
#.# #.#
#.# #.#
#l# #.#
#..


You could see Sigmund and a giant newt.

Vanquished Creatures
  2 adders (D:2)
  3 gnolls (D:2)
  3 giant geckos (D:1)
  3 ball pythons (D:2)
  6 bats
  4 giant cockroaches (D:1)
  8 hobgoblins
  2 jackals (D:1)
  6 kobolds
  2 giant newts
  4 goblins
  A quokka (D:1)
  6 rats (D:1)
50 creatures vanquished.

Notes
Turn   | Place    | Note
--------------------------------------------------------------
     0 | D:1      | Diego the Gargoyle Gladiator began the quest for the Orb.
     0 | D:1      | Reached XP level 1. HP: 12/12 MP: 1/1
   349 | D:1      | Reached XP level 2. HP: 15/17 MP: 2/2
   795 | D:1      | Reached skill level 4 in Maces & Flails
   834 | D:1      | Reached XP level 3. HP: 21/21 MP: 3/3
  1370 | D:2      | Found a bloodstained altar of Trog.
  1476 | D:2      | Reached XP level 4. HP: 26/26 MP: 4/4
  1530 | D:2      | Noticed Sigmund
  1699 | D:2      | Reached skill level 5 in Maces & Flails
  2026 | D:2      | HP: 1/26 [Sigmund/scythe of freezing (4)]
  2030 | D:3      | Killed from afar by Sigmund

Action                   |  1- 3 |  4- 6 || total
-------------------------+-------+-------++-------
Melee: Flail             |    97 |    58 ||   155
Throw: Throwing net      |     3 |     3 ||     6
  Eat: Chunk             |     1 |     2 ||     3
